[Event "Titled Tuesday Blitz January 11 2022"]
[White "Gaehwiler, Gabriel"]
[Black "Demchenko, Anton"]
[WhiteFideId "1314530"]
[BlackFideId "4160258"]
[WhiteElo "2383"]
[BlackElo "2539"]
[Result "1-0"]
[Round "06"]
[TimeControl "180+1"]
[Date "2022.01.11"]
[WhiteClock "0:00:13"]
[BlackClock "0:00:02"]

1. d4 Nf6 2. c4 g6 3. g3 Bg7 4. Bg2 O-O 5. Nf3 d6 6. b3 e5 7. Bb2 e4 8. Nfd2 e3 9. fxe3 Ng4 10. Nf1 Qe7 11. Nc3 c6 12. Qd3 Bh6 13. h3 Nf6 14. e4 Na6 15. a3 Bd7 16. e3 Rab8 17. O-O-O Nc7 18. e5 Nfe8 19. exd6 Nxd6 20. d5 Bf5 21. Qd4 Bg7 22. Qd2 cxd5 23. Nxd5 Bxb2+ 24. Kxb2 Nxd5 25. Bxd5 b5 26. c5 Ne4 27. Qd4 Nxc5 28. Nd2 Rfd8 29. e4 Be6 30. Rc1 Rbc8 31. Rhf1 Bxd5 32. exd5 Qe2 33. Rc3 Ne6 34. Qf2 Qxf2 35. Rxf2 Rxc3 36. Kxc3 Rxd5 37. Ne4 Kg7 38. Nf6 Rd4 39. Ng4 1-0


[Site "https://www.chess.com"]

[Event "Titled Tuesday Blitz January 11 2022"]
[White "Goltsev, Dmitry"]
[Black "Mickiewicz, Piotr"]
[WhiteFideId "24176710"]
[BlackFideId "1114891"]
[WhiteElo "2273"]
[BlackElo "2266"]
[Result "0-1"]
[Round "06"]
[TimeControl "180+1"]
[Date "2022.01.11"]
[WhiteClock "0:00:02"]
[BlackClock "0:00:05"]

1. e4 c5 2. Nf3 e6 3. d4 cxd4 4. Nxd4 Nf6 5. Nc3 d6 6. Be2 a6 7. O-O Qc7 8. a4 b6 9. f4 Bb7 10. Bf3 Nbd7 11. Be3 Be7 12. g4 h6 13. Qe2 g5 14. fxg5 hxg5 15. Bxg5 Ne5 16. Bg2 Nfxg4 17. Bxe7 Kxe7 18. h3 Qc5 19. Rad1 Nf6 20. Qf2 Rh6 21. Rde1 Rg8 22. Rd1 Nxe4 23. Nxe4 Bxe4 24. b4 Qc3 25. Rd3 Qc4 26. Rg3 Rxg3 27. Qxg3 Qxd4+ 28. Kh2 Bxg2 29. Qxg2 Rg6 30. Qb7+ Kf8 31. a5 d5 32. Qxb6 Qd2+ 33. Rf2 Qe1 34. Qc5+ Kg7 35. Rxf7+ Nxf7 36. Qd4+ e5 37. Qf2 Qxf2+ 38. Kh1 Qg2# 0-1


[Site "https://www.chess.com"]

[Event "Titled Tuesday Blitz January 11 2022"]
[White "Hakobyan, Aram"]
[Black "Sorokin, Aleksey"]
[WhiteFideId "13306677"]
[BlackFideId "24176460"]
[WhiteElo "2557"]
[BlackElo "2476"]
[Result "1-0"]
[Round "06"]
[TimeControl "180+1"]
[Date "2022.01.11"]
[WhiteClock "0:00:04"]
[BlackClock "0:00:03"]

1. b3 e5 2. Bb2 Nc6 3. c4 Nf6 4. Nf3 d5 5. cxd5 Nxd5 6. Nxe5 Nxe5 7. Bxe5 Qe7 8. Bb2 Bf5 9. Na3 O-O-O 10. Nc4 Nb4 11. Ne3 Be6 12. Qc1 h5 13. h4 Rh6 14. g3 f5 15. Bg2 g5 16. hxg5 Qxg5 17. Be5 Bd6 18. Bxd6 Rxd6 19. Qc3 Nc6 20. Rh4 Ne7 21. Rc1 c6 22. Qa5 a6 23. Qc5 Kc7 24. Rb4 Bc8 25. Qa5+ Kb8 26. Qe5 Re6 27. Qf4 Qf6 28. Rbc4 Qb2 29. R4c2 Qf6 30. Nc4 Ng6 31. Qh6 Rd8 32. d3 Rh8 33. Qd2 h4 34. Na5 hxg3 35. Rxc6 gxf2+ 36. Kf1 bxc6 37. Rxc6 Rxc6 38. Nxc6+ Ka8 39. Qb4 Bb7 40. Qb6 Nf4 41. Qa7# 1-0


[Site "https://www.chess.com"]

[Event "Titled Tuesday Blitz January 11 2022"]
[White "Hess, Robert"]
[Black "Krivonosov, Oleg"]
[WhiteFideId "2022036"]
[BlackFideId "11600349"]
[WhiteElo "2557"]
[BlackElo "2455"]
[Result "1-0"]
[Round "06"]
[TimeControl "180+1"]
[Date "2022.01.11"]
[WhiteClock "0:00:05"]
[BlackClock "0:00:38"]

1. g3 Nf6 2. Bg2 d5 3. b3 e6 4. Bb2 Be7 5. d3 O-O 6. Nd2 b6 7. e3 Bb7 8. Ne2 c5 9. O-O Nc6 10. h3 Qc7 11. f4 Rad8 12. Nf3 b5 13. g4 a5 14. a4 bxa4 15. Rxa4 Nd7 16. g5 f5 17. Qa1 Rf7 18. g6 hxg6 19. Ng5 Bxg5 20. fxg5 Nf8 21. Nf4 Nb4 22. Rf2 e5 23. Bxe5 Qb6 24. d4 Bc6 25. Rxa5 Nd7 26. dxc5 Qb7 27. Bd4 Nb8 28. c3 N4a6 29. b4 Nc7 30. Ra7 Qc8 31. Nd3 Nb5 32. Rxf7 Kxf7 33. Ne5+ Kg8 34. Nxg6 Qe6 35. Nf4 Qf7 36. g6 Qe7 37. Qd1 Qg5 38. Ne6 1-0


[Site "https://www.chess.com"]

[Event "Titled Tuesday Blitz January 11 2022"]
[White "Ibrahimli, Murad"]
[Black "Kretov, Evgenij"]
[WhiteFideId "13410229"]
[BlackFideId "4167821"]
[WhiteElo "2109"]
[BlackElo "2303"]
[Result "1-0"]
[Round "06"]
[TimeControl "180+1"]
[Date "2022.01.11"]
[WhiteClock "0:00:11"]
[BlackClock "0:00:20"]

1. e4 c5 2. Nf3 Nc6 3. Bb5 g6 4. O-O Bg7 5. c3 Nf6 6. Re1 O-O 7. d4 cxd4 8. cxd4 d5 9. e5 Ne4 10. Bxc6 bxc6 11. Be3 Qb6 12. Qc1 Bf5 13. Nbd2 Rab8 14. b3 Rfc8 15. Nxe4 Bxe4 16. Nd2 Bf5 17. Nb1 Qb4 18. Nc3 a5 19. Na4 e6 20. Qd2 Bf8 21. Rac1 Qxd2 22. Bxd2 Ba3 23. Bxa5 Bxc1 24. Rxc1 Ra8 25. Bd2 Rc7 26. f3 Bd3 27. Rc5 Bb5 28. Nc3 Bd3 29. Kf2 Kf8 30. h4 Ke7 31. Bg5+ Kd7 32. Na4 Raa7 33. Rc3 Bb5 34. Nc5+ Kc8 35. a4 Ba6 36. Ke3 Bf1 37. g4 h5 38. Kf4 Kb8 39. Bf6 Rc8 40. Rc1 Ba6 41. Re1 Rg8 42. Kg5 Kc7 43. Kf4 Raa8 44. Rg1 Bb7 45. Be7 Rae8 46. Bd6+ Kc8 47. a5 hxg4 48. fxg4 Rh8 49. Kg5 Rh7 50. a6 Ba8 51. Ra1 Reh8 52. Ra4 f5 53. exf6 Kd8 54. Rb4 Ke8 55. Rb8+ Kf7 56. Rxh8 Rxh8 57. Nd7 Rd8 58. Ne5+ Kg8 59. f7+ Kg7 60. f8=Q+ Rxf8 61. Bxf8+ Kxf8 62. Nd7+ Ke7 63. Nb6 Kd8 64. Nxa8 Kc8 65. Nb6+ 1-0


[Site "https://www.chess.com"]

[Event "Titled Tuesday Blitz January 11 2022"]
[White "Janaszak, Dawid"]
[Black "Guseinov, Gadir"]
[WhiteFideId "1119206"]
[BlackFideId "13401378"]
[WhiteElo "2199"]
[BlackElo "2581"]
[Result "1-0"]
[Round "06"]
[TimeControl "180+1"]
[Date "2022.01.11"]
[WhiteClock "0:00:41"]
[BlackClock "0:00:02"]

1. e4 c5 2. Nc3 g6 3. Bc4 Bg7 4. h4 h5 5. Qf3 Nh6 6. d4 O-O 7. Qg3 e6 8. dxc5 Na6 9. Bf4 Re8 10. Bd6 b6 11. cxb6 Qxb6 12. Nge2 Bb7 13. O-O Rac8 14. Bb3 Nc5 15. Be5 Bf8 16. Bd4 Qc6 17. Qe5 f6 18. Qxf6 Re7 19. Qxg6+ Bg7 20. Ng3 Nxb3 21. axb3 e5 22. Qxc6 Bxc6 23. Bxa7 Rf7 24. Nxh5 Bf8 25. f3 Kh7 26. Be3 Ng8 27. g4 Ne7 28. g5 Ng8 29. Kf2 Bb7 30. Ra7 d5 31. exd5 Bxd5 32. Nxd5 Rxa7 33. Bxa7 Rxc2+ 34. Kg3 Rxb2 35. Rc1 Kg6 36. Nhf6 Nxf6 37. Nxf6 Bd6 38. Ne4 Be7 39. Rc6+ Kf5 40. g6 Rxb3 41. g7 Bxh4+ 42. Kxh4 Rxf3 43. g8=Q 1-0


[Site "https://www.chess.com"]

[Event "Titled Tuesday Blitz January 11 2022"]
[White "Jobava, Baadur"]
[Black "Preotu, Razvan"]
[WhiteFideId "13601520"]
[BlackFideId "2613280"]
[WhiteElo "2617"]
[BlackElo "2407"]
[Result "1-0"]
[Round "06"]
[TimeControl "180+1"]
[Date "2022.01.11"]
[WhiteClock "0:01:45"]
[BlackClock "0:00:04"]

1. e4 c5 2. c3 Nf6 3. e5 Nd5 4. Nf3 d6 5. d4 cxd4 6. exd6 e6 7. Nxd4 Bxd6 8. g3 Nc6 9. Bg2 Nxd4 10. Qxd4 O-O 11. O-O Qc7 12. c4 Be5 13. Qe4 Ne7 14. Nc3 Nc6 15. Rd1 a6 16. Be3 f5 17. Qc2 f4 18. Bc5 Rf7 19. Ne4 h6 20. Bd6 Qa5 21. Qd2 Qxd2 22. Rxd2 f3 23. Bh3 Bd4 24. Bc5 Bxc5 25. Nxc5 e5 26. Bxc8 Rxc8 27. Ne4 Rcc7 28. b3 Nd4 29. Rad1 Rfd7 30. h4 Kf7 31. Kh2 g5 32. Kh3 Kg6 33. g4 gxh4 34. Kxh4 Rf7 35. Nc3 b5 36. Nd5 Rc5 37. Ne3 bxc4 38. Nxc4 Rf4 39. Nxe5+ Rxe5 40. Rxd4 Rxd4 41. Rxd4 Re2 42. Rd6+ Kg7 43. Rxa6 Rxf2 44. Kg3 Rf1 45. b4 f2 46. a3 Kh7 47. Kg2 Rg1+ 48. Kxf2 Rxg4 49. b5 Rc4 50. a4 Rb4 51. b6 Kg6 52. a5 Kf5 53. Ra7 Ke5 54. b7 Kd6 55. a6 Kc7 56. Ra8 1-0


[Site "https://www.chess.com"]

[Event "Titled Tuesday Blitz January 11 2022"]
[White "Jones, Gawain C B"]
[Black "Vlassov, Nikolai"]
[WhiteFideId "409561"]
[BlackFideId "4103360"]
[WhiteElo "2657"]
[BlackElo "2407"]
[Result "1-0"]
[Round "06"]
[TimeControl "180+1"]
[Date "2022.01.11"]
[WhiteClock "0:00:02"]
[BlackClock "0:00:02"]

1. a3 Nf6 2. c4 g6 3. b4 Bg7 4. Bb2 O-O 5. Nf3 d5 6. cxd5 Nxd5 7. Bxg7 Kxg7 8. e4 Nf6 9. Nc3 Bg4 10. e5 Nd5 11. h3 Bxf3 12. Qxf3 e6 13. Nxd5 Qxd5 14. Qxd5 exd5 15. d4 f6 16. Rc1 Nc6 17. b5 Nxd4 18. Rxc7+ Rf7 19. exf6+ Kxf6 20. Rxf7+ Kxf7 21. Bd3 Re8+ 22. Kd2 Nb3+ 23. Kc3 Nc5 24. Kd4 Ne6+ 25. Kc3 Rc8+ 26. Kd2 Nc5 27. Bc2 Ke6 28. Re1+ Kd6 29. f4 Rf8 30. g3 Ne6 31. Bd3 g5 32. f5 Nd4 33. Rf1 h5 34. Kc3 Kc5 35. f6 g4 36. hxg4 hxg4 37. Rf4 Ne6 38. Rf2 Nd4 39. Rf4 Ne6 40. Rxg4 Rxf6 41. a4 d4+ 42. Kd2 Rf2+ 43. Be2 Kb4 44. Re4 Rf6 45. Bg4 Nc5 46. Rxd4+ Ka5 47. Bd1 a6 48. bxa6 bxa6 49. g4 Rf2+ 50. Ke3 Rg2 51. Rd5 Kb4 52. Bf3 Rg1 53. a5 Nb3 54. g5 Nxa5 55. Kf2 Rc1 56. g6 Rc7 57. Rg5 Rg7 58. Ke3 Nc4+ 59. Kd4 Nd6 60. Kd5 Ne8 61. Ke6 a5 62. Bc6 1-0


[Site "https://www.chess.com"]

[Event "Titled Tuesday Blitz January 11 2022"]
[White "Kevlishvili, Robby"]
[Black "Shimanov, Aleksandr"]
[WhiteFideId "1040634"]
[BlackFideId "4198603"]
[WhiteElo "2584"]
[BlackElo "2636"]
[Result "1-0"]
[Round "06"]
[TimeControl "180+1"]
[Date "2022.01.11"]
[WhiteClock "0:00:02"]
[BlackClock "0:00:03"]

1. e4 d5 2. exd5 Qxd5 3. Nf3 Bg4 4. Be2 Nc6 5. d4 O-O-O 6. c4 Qf5 7. Be3 Bxf3 8. Bxf3 Nxd4 9. Bg4 Nc2+ 10. Qxc2 Qxg4 11. O-O Nf6 12. Bxa7 e6 13. Be3 Bd6 14. h3 Qe4 15. Qa4 Qe5 16. g3 Qf5 17. Nc3 Qxh3 18. Rfd1 Ng4 19. Bc5 b6 20. Rxd6 Rxd6 21. Qa8+ Kd7 22. Qa4+ Ke7 23. Bxd6+ cxd6 24. Qa7+ Kf6 25. Ne4+ Kg6 26. Qxf7+ Kh6 27. Qf3 Kg6 28. Qg2 Qxg2+ 29. Kxg2 d5 30. cxd5 exd5 31. Nc3 Nf6 32. Rd1 Rd8 33. Rd4 Kf5 34. Kf3 Ke5 35. Ke3 h5 36. f4+ Kf5 37. Kf3 Rd6 38. a3 Ke6 39. Nb5 Rc6 40. Nc3 Rc4 41. Rxc4 dxc4 42. Ke3 Kf5 43. Kf3 Nd7 44. Nd5 Ke6 45. Ne3 b5 46. Ke4 Nc5+ 47. Kd4 Nd3 48. b3 Nc1 49. bxc4 bxc4 50. Kxc4 Ne2 51. Nf1 Kf5 52. a4 Nxg3 53. Nxg3+ Kg4 54. Nxh5 1-0


[Site "https://www.chess.com"]

[Event "Titled Tuesday Blitz January 11 2022"]
[White "Kovanova, Baira"]
[Black "Leitao, Rafael"]
[WhiteFideId "4164083"]
[BlackFideId "2101246"]
[WhiteElo "2190"]
[BlackElo "2609"]
[Result "0-1"]
[Round "06"]
[TimeControl "180+1"]
[Date "2022.01.11"]
[WhiteClock "0:01:05"]
[BlackClock "0:01:17"]

1. e4 e5 2. Nf3 Nc6 3. Bc4 Nf6 4. d3 h6 5. Nc3 d6 6. a4 g6 7. h3 Bg7 8. Be3 Qe7 9. Qd2 Be6 10. Bxe6 Qxe6 11. O-O O-O-O 12. d4 exd4 13. Nxd4 Nxe4 14. Nxe4 Qxe4 15. Nxc6 Qxc6 16. Bxa7 Bxb2 17. Rab1 Bg7 18. Qd3 Rhe8 19. a5 Re4 20. Be3 Qc4 21. Qd2 Bc3 22. Qc1 Bxa5 23. Qb2 b6 24. Bxh6 Rde8 25. Be3 f5 26. Qf6 f4 27. Bc1 Qxf1+ 0-1


[Site "https://www.chess.com"]

[Event "Titled Tuesday Blitz January 11 2022"]
[White "Kravtsiv, Martyn"]
[Black "Shkapenko, Pavel"]
[WhiteFideId "14113147"]
[BlackFideId "4151933"]
[WhiteElo "2694"]
[BlackElo "2386"]
[Result "1-0"]
[Round "06"]
[TimeControl "180+1"]
[Date "2022.01.11"]
[WhiteClock "0:00:47"]
[BlackClock "0:00:21"]

1. e4 e5 2. Nf3 Nc6 3. Nc3 Nf6 4. a4 Bb4 5. Bd3 O-O 6. O-O Re8 7. Re1 Bf8 8. Nd5 d6 9. c3 Nxd5 10. exd5 Ne7 11. Bc4 Bg4 12. h3 Bh5 13. d4 exd4 14. g4 Bg6 15. Qxd4 c5 16. dxc6 Nxc6 17. Qd5 Rxe1+ 18. Nxe1 Qe8 19. Be3 Be4 20. Qd2 Ne5 21. Bd5 Ng6 22. Ng2 Qe5 23. Rd1 Re8 24. Bxa7 Bxd5 25. Qxd5 Qf6 26. Be3 Nh4 27. Nxh4 Qxh4 28. Kg2 h5 29. Qxh5 Qxh5 30. gxh5 Re5 31. Rd4 Rxh5 32. Rb4 1-0


[Site "https://www.chess.com"]

[Event "Titled Tuesday Blitz January 11 2022"]
[White "Lenderman, Aleksandr"]
[Black "Concio, Michael Jr."]
[WhiteFideId "2021285"]
[BlackFideId "5217873"]
[WhiteElo "2651"]
[BlackElo "1896"]
[Result "1-0"]
[Round "06"]
[TimeControl "180+1"]
[Date "2022.01.11"]
[WhiteClock "0:00:45"]
[BlackClock "0:00:03"]

1. Nf3 Nf6 2. c4 b6 3. Nc3 Bb7 4. g3 e6 5. Bg2 Be7 6. O-O O-O 7. Re1 Ne4 8. Nxe4 Bxe4 9. d3 Bb7 10. e4 d6 11. d4 Nd7 12. b3 c5 13. Bb2 Qc7 14. d5 e5 15. h4 Bf6 16. Bh3 g6 17. Kg2 Bg7 18. h5 Nf6 19. hxg6 fxg6 20. Be6+ Kh8 21. Qe2 Bc8 22. Bxc8 Qxc8 23. Ng5 Qg4 24. Ne6 Qxe2 25. Rxe2 Rf7 26. a4 a5 27. Rh1 h5 28. f4 exf4 29. gxf4 Ne8 30. f5 Bxb2 31. fxg6 Rf6 32. Rxh5+ Kg8 33. Rxb2 Rxg6+ 34. Kf3 Nf6 35. Rh4 Kf7 36. Nf4 Rg5 37. Rbh2 Rag8 38. R4h3 Rg1 39. Nd3 Rb1 40. e5 Rxb3 41. Kf4 Ne8 42. Rh7+ Kf8 43. e6 Ng7 44. Ke4 Rb1 45. Rf2+ Ke8 46. Rf7 Rg1 47. Rb7 Rg4+ 48. Nf4 Rf8 49. Rb8+ Ke7 50. Rxf8 Kxf8 51. Kf3 Rg5 52. Rh8+ Ke7 53. Rb8 Nf5 54. Rxb6 Rg3+ 55. Ke4 Kf6 56. Nh5+ 1-0


[Site "https://www.chess.com"]

[Event "Titled Tuesday Blitz January 11 2022"]
[White "Maghsoodloo, Parham"]
[Black "Nazari, Arad"]
[WhiteFideId "12539929"]
[BlackFideId "12577324"]
[WhiteElo "2630"]
[BlackElo "2120"]
[Result "1-0"]
[Round "06"]
[TimeControl "180+1"]
[Date "2022.01.11"]
[WhiteClock "0:02:14"]
[BlackClock "0:00:50"]

1. e4 c5 2. Nf3 d6 3. d4 cxd4 4. Nxd4 Nf6 5. Nc3 a6 6. Bg5 Nbd7 7. Qe2 e6 8. O-O-O Qc7 9. f4 b5 10. a3 Bb7 11. g4 Be7 12. h4 Rc8 13. Rh3 h6 14. Bxf6 Bxf6 15. g5 Bxd4 16. Rxd4 e5 17. fxe5 dxe5 18. Rd1 hxg5 19. hxg5 Ke7 20. Qg4 Nc5 21. g6 Rxh3 22. Bxh3 f6 23. Rd5 Qc6 24. Rxc5 Qxc5 25. Qd7+ Kf8 26. Qf7# 1-0


[Site "https://www.chess.com"]

[Event "Titled Tuesday Blitz January 11 2022"]
[White "Maximov, Dmitry"]
[Black "Kim, Yoon-Young"]
[WhiteFideId "14105659"]
[BlackFideId "30908779"]
[WhiteElo "2494"]
[BlackElo "2109"]
[Result "1-0"]
[Round "06"]
[TimeControl "180+1"]
[Date "2022.01.11"]
[WhiteClock "0:01:20"]
[BlackClock "0:00:20"]

1. e4 e5 2. Nf3 Nc6 3. Bb5 f5 4. Qe2 fxe4 5. Qxe4 Nf6 6. Qe2 e4 7. d3 Qe7 8. dxe4 Qxe4 9. Be3 Bb4+ 10. c3 Bd6 11. Nbd2 Qe7 12. Bc4 Ne5 13. Nxe5 Bxe5 14. Nf3 d5 15. Nxe5 Qxe5 16. Bb3 O-O 17. h3 Bf5 18. Rd1 c6 19. O-O Rae8 20. Rfe1 Qc7 21. Qf1 b5 22. Bc5 Rf7 23. Rxe8+ Nxe8 24. Re1 Nd6 25. f3 a5 26. a4 Nb7 27. Re8+ 1-0


[Site "https://www.chess.com"]

[Event "Titled Tuesday Blitz January 11 2022"]
[White "Moroni, Luca Jr"]
[Black "Mokshanov, Alexey"]
[WhiteFideId "865834"]
[BlackFideId "24121657"]
[WhiteElo "2573"]
[BlackElo "2141"]
[Result "1-0"]
[Round "06"]
[TimeControl "180+1"]
[Date "2022.01.11"]
[WhiteClock "0:00:53"]
[BlackClock "0:00:09"]

1. d4 d5 2. Bf4 Nf6 3. e3 c5 4. dxc5 Nc6 5. Bb5 g6 6. c3 Bg7 7. Nd2 O-O 8. Ngf3 Nh5 9. O-O Nxf4 10. exf4 Bf5 11. Nb3 Qc7 12. Qd2 Rad8 13. Rfe1 Be4 14. Nfd4 e5 15. fxe5 Bxe5 16. h3 Bh2+ 17. Kh1 Bf4 18. Qd1 Qc8 19. Qg4 Qxg4 20. hxg4 Nxd4 21. cxd4 Bc2 22. Na5 Bd2 23. Nxb7 Bxe1 24. Rxe1 Rb8 25. Bc6 Rfc8 26. Bxd5 Ba4 27. b4 Bc6 28. Bxc6 Rxc6 29. b5 Rf6 30. c6 Kg7 31. d5 Rxb7 32. cxb7 Rb6 33. Re7 Rxb5 34. g5 1-0


[Site "https://www.chess.com"]

[Event "Titled Tuesday Blitz January 11 2022"]
[White "Moskalenko, Alexander"]
[Black "Papp, Levente"]
[WhiteFideId "4155351"]
[BlackFideId "751243"]
[WhiteElo "2515"]
[BlackElo "2308"]
[Result "1-0"]
[Round "06"]
[TimeControl "180+1"]
[Date "2022.01.11"]
[WhiteClock "0:01:07"]
[BlackClock "0:00:06"]

1. Nf3 Nf6 2. g3 d5 3. Bg2 c6 4. O-O Bg4 5. d4 Nbd7 6. Nbd2 e6 7. Re1 h6 8. e4 dxe4 9. Nxe4 Nxe4 10. Rxe4 Bf5 11. Re1 Be7 12. c3 O-O 13. Qb3 Qb6 14. Nd2 Rfd8 15. Nc4 Qxb3 16. axb3 Nb6 17. Na5 Rd7 18. Nc4 Rdd8 19. h4 Nxc4 20. bxc4 Bd3 21. c5 Bc4 22. Ra4 Bb5 23. Ra2 Bc4 24. Ra4 Bb5 25. Ra3 a6 26. b3 Bd3 27. Ra2 Rd7 28. Bh3 Kf8 29. h5 Rd5 30. g4 Rad8 31. Bg2 R5d7 32. Bf4 Kg8 33. f3 Kh7 34. Rd1 Bb5 35. Re1 b6 36. cxb6 c5 37. Bc7 Rc8 38. c4 Bc6 39. f4 Bxg2 40. Kxg2 Re8 41. d5 exd5 42. cxd5 Rf8 43. d6 Bxd6 44. Rd1 Bxc7 45. Rxd7 Bxb6 46. Rxa6 Bd8 47. Ra8 Be7 48. Rxf8 Bxf8 49. Rxf7 1-0


[Site "https://www.chess.com"]

[Event "Titled Tuesday Blitz January 11 2022"]
[White "Muradli, Mahammad"]
[Black "Talibov, Shiroghlan"]
[WhiteFideId "13409301"]
[BlackFideId "13429078"]
[WhiteElo "2645"]
[BlackElo "2070"]
[Result "1-0"]
[Round "06"]
[TimeControl "180+1"]
[Date "2022.01.11"]
[WhiteClock "0:00:07"]
[BlackClock "0:00:01"]

1. c4 Nf6 2. Nc3 e6 3. e4 d5 4. cxd5 exd5 5. e5 d4 6. exf6 dxc3 7. Bb5+ Nc6 8. Qe2+ Be6 9. dxc3 Qxf6 10. Nf3 Bd6 11. Nd4 O-O 12. Nxe6 Rfe8 13. Bc4 Na5 14. Be3 Nxc4 15. Nxg7 Rxe3 16. fxe3 Qh4+ 17. g3 Bxg3+ 18. Kf1 Qh3+ 19. Kg1 Bd6 20. Qxc4 Qxe3+ 21. Kg2 Qg5+ 22. Kh3 Qe3+ 23. Kg2 Qg5+ 24. Kf3 Qf6+ 25. Ke2 Kxg7 26. Raf1 Re8+ 27. Kd1 Qe6 28. Rhg1+ Kf8 29. Qxe6 Rxe6 30. Rg2 Rg6 31. Rgf2 Rg7 32. Kc2 Kg8 33. Re2 h6 34. b4 Kh7 35. Kb3 b6 36. a4 Kg6 37. Rf3 f6 38. h3 Kf7 39. Kc4 Be5 40. Kb5 Ke6 41. Ka6 c6 42. c4 Rc7 43. Rd3 Re7 44. c5 bxc5 45. bxc5 Rg7 46. Rd6+ Kf5 47. Rxc6 h5 48. Rf2+ Ke4 49. Rcxf6 Bxf6 50. Rxf6 Kd5 51. Rf5+ Kc6 52. Rxh5 Rf7 53. a5 Rg7 54. h4 Rf7 55. Rg5 Rh7 56. h5 Rf7 57. h6 Rh7 58. Rh5 Rf7 59. h7 Rf6 60. h8=Q 1-0


[Site "https://www.chess.com"]

[Event "Titled Tuesday Blitz January 11 2022"]
[White "Panesar Vedant"]
[Black "Andreikin, Dmitry"]
[WhiteFideId "35033018"]
[BlackFideId "4158814"]
[WhiteElo "1971"]
[BlackElo "2736"]
[Result "0-1"]
[Round "06"]
[TimeControl "180+1"]
[Date "2022.01.11"]
[WhiteClock "0:00:59"]
[BlackClock "0:01:15"]

1. d4 d5 2. Nf3 Nf6 3. c4 c6 4. Nc3 a6 5. e3 b5 6. b3 Bg4 7. a4 bxc4 8. bxc4 Nbd7 9. Be2 e6 10. O-O Bb4 11. Bd2 a5 12. Na2 Bd6 13. h3 Bh5 14. Nc3 O-O 15. cxd5 cxd5 16. Nb5 Bb8 17. Ne1 Bg6 18. Bd3 Ne4 19. Qe2 Qh4 20. Rc1 Bh5 21. Nf3 Bxf3 22. gxf3 Qxh3 23. f4 Ndf6 24. Bxe4 Nxe4 25. Be1 f5 26. f3 Rf6 27. Rc8+ Kf7 28. Qg2 Rg6 29. Qxg6+ Kxg6 30. fxe4 Bxf4 0-1


[Site "https://www.chess.com"]

[Event "Titled Tuesday Blitz January 11 2022"]
[White "Petrovskyi, Vadym"]
[Black "Babazada, Khazar"]
[WhiteFideId "14165210"]
[BlackFideId "13413554"]
[WhiteElo "2424"]
[BlackElo "2418"]
[Result "0-1"]
[Round "06"]
[TimeControl "180+1"]
[Date "2022.01.11"]
[WhiteClock "0:00:12"]
[BlackClock "0:01:39"]

1. e4 Nf6 2. Nc3 d6 3. d4 g6 4. f4 Bg7 5. Nf3 O-O 6. e5 dxe5 7. fxe5 Nd5 8. Bc4 Be6 9. Qe2 Nxc3 10. bxc3 Bxc4 11. Qxc4 Nd7 12. O-O Nb6 13. Qe2 Qd5 14. Bg5 f6 15. Bh4 Rae8 16. Rfe1 Qc4 17. exf6 exf6 18. Qxe8 Rxe8 19. Rxe8+ Kf7 20. Rae1 g5 21. Bg3 Bf8 22. R8e2 Nd5 23. Rf2 Kg6 24. Re8 Bd6 25. Bxd6 cxd6 26. h4 h6 27. g4 Qxc3 28. hxg5 hxg5 29. Nd2 Qg3+ 30. Kf1 Nf4 31. Ne4 Qh3+ 32. Ke1 Qe3+ 33. Kf1 Qc1# 0-1


[Site "https://www.chess.com"]

[Event "Titled Tuesday Blitz January 11 2022"]
[White "Pichot, Alan"]
[Black "Leiva, Gianmarco"]
[WhiteFideId "110973"]
[BlackFideId "3804399"]
[WhiteElo "2543"]
[BlackElo "2328"]
[Result "0-1"]
[Round "06"]
[TimeControl "180+1"]
[Date "2022.01.11"]
[WhiteClock "0:00:47"]
[BlackClock "0:00:03"]

1. e4 c5 2. Nf3 d6 3. d4 cxd4 4. Nxd4 Nf6 5. Nc3 a6 6. Bg5 e6 7. f4 Be7 8. Qf3 Qc7 9. O-O-O Nbd7 10. g4 h6 11. Bxf6 Bxf6 12. h4 Nb6 13. g5 Bxd4 14. Rxd4 Qc5 15. Rd2 Bd7 16. Be2 O-O-O 17. Rhd1 Bc6 18. a3 Na4 19. Nxa4 Bxa4 20. Bd3 Bc6 21. Qg3 hxg5 22. fxg5 Qe5 23. Qg4 d5 24. exd5 Rxd5 25. Re2 Qd6 26. Rf2 Rd4 27. Qe2 Qc7 28. h5 Rhd8 29. h6 gxh6 30. gxh6 Be4 31. Bxe4 Rxd1+ 32. Qxd1 Rxd1+ 33. Kxd1 Qd8+ 34. Kc1 Qg5+ 35. Kb1 Qg1+ 0-1


[Site "https://www.chess.com"]

[Event "Titled Tuesday Blitz January 11 2022"]
[White "Piorun, Kacper"]
[Black "Sarana, Alexey"]
[WhiteFideId "1130420"]
[BlackFideId "24133795"]
[WhiteElo "2571"]
[BlackElo "2665"]
[Result "0-1"]
[Round "06"]
[TimeControl "180+1"]
[Date "2022.01.11"]
[WhiteClock "0:00:02"]
[BlackClock "0:00:06"]

1. e4 c5 2. Nc3 d6 3. Bb5+ Nc6 4. Nf3 Bd7 5. d4 cxd4 6. Nxd4 Nf6 7. O-O e6 8. a4 Be7 9. Be3 O-O 10. a5 Nxa5 11. Bxd7 Nxd7 12. Qd3 Ne5 13. Qb5 Nec4 14. Bc1 a6 15. Qa4 b5 16. Qa2 Bf6 17. Rd1 Qb6 18. Nde2 Nc6 19. b3 N4e5 20. Be3 Qc7 21. h3 h6 22. Rac1 Rfc8 23. Qb1 Ne7 24. Bd4 Qc6 25. Ng3 Nf3+ 26. gxf3 Bxd4 27. Rxd4 Qxc3 28. Rxd6 Qxf3 29. Rcd1 Ng6 30. R1d3 Qf6 31. Qd1 Ne5 32. Nh5 Qh4 33. Rg3 g6 34. f4 Kh8 35. fxe5 gxh5 36. Kh2 Rg8 37. Rdd3 Qf4 38. Rf3 Qxe5 39. Kg2 h4 40. Rxg8+ Rxg8+ 41. Kf1 Qh2 42. Rf2 Rg1+ 43. Ke2 Qxf2+ 0-1


[Site "https://www.chess.com"]

[Event "Titled Tuesday Blitz January 11 2022"]
[White "Quispe Arteaga, Gabriel"]
[Black "Nesterov, Arseniy"]
[WhiteFideId "32059809"]
[BlackFideId "24198455"]
[WhiteElo "2229"]
[BlackElo "2489"]
[Result "1/2-1/2"]
[Round "06"]
[TimeControl "180+1"]
[Date "2022.01.11"]
[WhiteClock "0:02:06"]
[BlackClock "0:01:36"]

1. c4 e5 2. Nc3 Bb4 3. Nd5 Bc5 4. b4 Bf8 5. Rb1 c6 6. Ne3 d5 7. cxd5 cxd5 8. Nf3 d4 9. Nc2 Bd6 10. e3 Nf6 11. exd4 e4 12. Ne5 O-O 13. Be2 Nbd7 14. Bb2 Re8 15. Nxd7 Bxd7 16. Ne3 Bxb4 17. O-O Bd6 18. Qb3 b5 19. Ba3 Qb6 20. Bxd6 Qxd6 21. Bxb5 Bxb5 22. Qxb5 Qxd4 23. Rfd1 g6 24. d3 1/2-1/2


[Site "https://www.chess.com"]

[Event "Titled Tuesday Blitz January 11 2022"]
[White "Rasulov, Vugar"]
[Black "Holt, Conrad"]
[WhiteFideId "13402390"]
[BlackFideId "2034387"]
[WhiteElo "2560"]
[BlackElo "2586"]
[Result "1-0"]
[Round "06"]
[TimeControl "180+1"]
[Date "2022.01.11"]
[WhiteClock "0:01:21"]
[BlackClock "0:00:03"]

1. d4 d5 2. c4 c6 3. Nf3 Nf6 4. Qc2 dxc4 5. e4 b5 6. b3 cxb3 7. axb3 e6 8. Bd2 Bb7 9. Ba5 Qc8 10. Bd3 Na6 11. Qc3 Be7 12. O-O O-O 13. b4 Nb8 14. Qc2 g6 15. Nc3 Nbd7 16. e5 Nd5 17. Nxd5 exd5 18. h4 Nb6 19. h5 Qg4 20. hxg6 fxg6 21. Nh2 Qxd4 22. Bxg6 Qxe5 23. Bxh7+ Kh8 24. Rae1 Qg7 25. Re3 Rf6 26. Bf5 Nc4 27. Rg3 Qf8 28. Bg6 Bc8 29. Re1 Bd7 30. Ng4 Bxg4 31. Rxg4 Rd6 32. Bc7 Qf6 33. Bxd6 Bxd6 34. Bd3 Ne5 35. Rg3 Rf8 36. Ree3 Qf4 37. Rh3+ Kg7 38. Reg3+ Kf6 39. Rf3 Nxf3+ 40. Rxf3 Qxf3 41. gxf3 Rc8 42. Kf1 Rc7 43. Qc3+ Ke6 44. Qd4 a6 45. f4 Rf7 46. f5+ Kd7 47. Qa7+ Bc7 48. Qxa6 Kd6 49. Bxb5 Ke5 50. Qxc6 Bd6 51. Qe8+ Re7 52. Qg6 Bxb4 53. f6 Re6 54. Qg5+ Ke4 55. f7 Bd6 56. Bd7 Re5 57. Qf6 Bf8 58. Qh8 Bc5 59. f8=Q Bxf8 60. Qxf8 d4 61. Bc6+ Kd3 62. Qa3+ Kd2 63. Qb2+ Kd3 64. Bb5+ Ke4 65. Qe2+ Kd5 66. Qc4+ Ke4 67. Bc6+ Kf5 68. Qf7+ Kg5 69. f4+ Kh4 70. fxe5 1-0


[Site "https://www.chess.com"]